 Dungeon Crawl Stone Soup version 0.30-a0-634-g8abc85282e (webtiles) character file.

Game seed: 7087458612851047572

1053 mhtbhm the Ruffian (level 8, 0/72 HPs)
             Began as a Troll Transmuter on Jan 15, 2023.
             Was a Follower of Okawaru.
             Slain by a gnoll sergeant
             ... wielding a +0 trident
              (8 damage)
             ... on level 5 of the Dungeon.
             The game lasted 00:09:57 (4110 turns).

mhtbhm the Ruffian (Troll Transmuter)               Turns: 4110, Time: 00:09:58

Health: 0/72       AC:  4    Str: 28    XL:     8   Next: 5%
Magic:  7/11       EV: 12    Int:  6    God:    Okawaru [*.....]
Gold:   105        SH:  0    Dex: 12    Spells: 6/12 levels left

rFire   . . .      SeeInvis .      - Unarmed
rCold   . . .      Faith    .    (no shield)
rNeg    . . .      Spirit   .    a - +0 robe
rPois   .          Reflect  .    (helmet currently unavailable)
rElec   .          Harm     .    (no cloak)
rCorr   .          Rampage  .    (gloves unavailable)
Will    +....                    (boots unavailable)
Stlth   +++                      m - amulet of regeneration
HPRegen 1.92/turn                b - ring of No Interval {Will+ Str+7 Int-3 Dex+2}
MPRegen 0.12/turn                (no ring)

@: appendages (expiring), heroic, wereblooded
A: horns 2, talons 2, large, unfitting armour, claws 3, regeneration 1, shaggy
fur 1, tough skin 1
a: End Transformation, Renounce Religion, Heroism


You were on level 5 of the Dungeon.
You worshipped Okawaru.
Okawaru was aware of your devotion.
You had temporarily grown beastly horns and talons.
You visited 1 branch of the dungeon, and saw 5 of its levels.

You collected 287 gold pieces.
You spent 182 gold pieces at shops.

Inventory:

Armour
 a - a +0 robe (worn)
 k - a +2 hat (melded)
Jewellery
 b - the ring of No Interval (left claw) {Will+ Str+7 Int-3 Dex+2}
   (You acquired it on level 3 of the Dungeon)

   [ring of willpower]

   Str:       It affects your strength (+7).
   Int:       It affects your intelligence (-3).
   Dex:       It affects your dexterity (+2).
   Will:      It increases your willpower.
 m - an amulet of regeneration (around neck)
Wands
 u - a wand of charming (3)
Scrolls
 e - a scroll of enchant armour {unknown}
 h - a scroll of poison {unknown}
 i - 2 scrolls of immolation {unknown}
 j - 2 scrolls of vulnerability {unknown}
 l - a scroll of fog {unknown}
 n - a scroll of silence {unknown}
 o - a scroll of magic mapping {unknown}
 q - a scroll of brand weapon {unknown}
 s - a scroll of identify
Potions
 c - a potion of curing
 g - 2 potions of degeneration {unknown}
 p - 2 potions of cancellation
 r - a potion of haste {unknown}
 t - 2 potions of flight {unknown}


   Skills:
 + Level 1.8(6.8) Fighting
 + Level 3.1(8.1) Dodging
 + Level 0.7(5.7) Stealth
 + Level 5.7(10.7) Unarmed Combat
 + Level 2.9 Spellcasting
 + Level 3.1 Transmutations
 * Level 2.9 Invocations


You had 6 spell levels left.
You knew the following spells:

 Your Spells              Type           Power      Damage    Failure   Level
a - Beastly Appendage     Tmut           8%         N/A       10%         1
b - Wereblood             Tmut           4%         N/A       16%         2
c - Spider Form           Tmut/Pois      2%         N/A       52%         3

Your spell library contained the following spells:

 Spells                   Type           Power      Damage    Failure   Level
 Gell's Gravitas          Tloc           0%         N/A       75%         3
 Lesser Beckoning         Tloc           0%         N/A       75%         3
 Teleport Other           Tloc           0%         N/A       75%         3
 Ice Form                 Ice/Tmut       2%         N/A       89%         4


Dungeon Overview and Level Annotations

Branches:
Dungeon (5/15)             Temple (0/1) D:4

Altars:
Okawaru
The Shining One

Shops:
D:5 *


Innate Abilities, Weirdness & Mutations

You have temporarily grown beastly horns and talons.
You are too large for most types of armour.
You have claws for hands.
Your natural rate of healing is unusually fast.
You are covered in fur. (AC +1)
You have tough skin. (AC +1)


Message History

The gnoll sergeant hits you from afar with a +0 trident.
The gnoll hits you with a +0 spear. The gnoll hits you but does no damage.
You closely miss the gnoll.
The gnoll is almost dead.
The gnoll sergeant hits you from afar with a +0 trident.
The gnoll hits you with a +0 spear.
The gnoll hits you from afar with a +0 spear.
You claw the gnoll!
You feel a bit better.
You kill the gnoll!
Okawaru accepts your kill.
The gnoll sergeant hits you from afar with a +0 trident!
* * * LOW HITPOINT WARNING * * *
The gnoll hits you from afar with a +0 spear.
* * * LOW HITPOINT WARNING * * *
Unknown command.
You aren't carrying any items that you can evoke.
Unknown command.
Okay, then.
You feel better.
The gnoll sergeant completely misses you.
The gnoll barely misses you.
Unknown command.
The gnoll sergeant hits you with a +0 trident!
* * * LOW HITPOINT WARNING * * *
The gnoll barely misses you.
You see here a +0 club.
Unknown command.
Okay, then.
Okay, then.
Okay, then.
You gain the combat prowess of a mighty hero.
The gnoll sergeant misses you. The gnoll hits you with a +0 spear.
* * * LOW HITPOINT WARNING * * *
Unknown command.
You scratch the gnoll sergeant.
Your headbutt misses the gnoll sergeant.
Your claw misses the gnoll sergeant.
The gnoll sergeant is lightly wounded.
The gnoll sergeant hits you with a +0 trident!
You die...

# #.....................#
#.##.....................#
#........................#
###...............####...##
##............## ##...#
)...(.....(...## ##..##
.............## ##..#
...........g.# #..#
..........g@)# ##..#
##..######...## ####...#
### ##...# ####...>.##
#†..####.......##
##...#....#######
##.∩.##...##....## #####
##...###..##......## >...##
##..### #..#........##
.....## ##..##
#............#


You could see a gnoll sergeant and a gnoll.

Vanquished Creatures
  Menkaure (D:5)
  2 water moccasins (D:5)
  A black bear (D:5)
  A phantom (D:5)
  A necrophage (D:5)
  2 scorpions
  2 jellies (D:5)
  A hound (D:5)
  An orc priest (D:4)
  2 orc wizards (D:3)
  A scorpion zombie (D:3)
  A hound zombie (D:3)
  A hound skeleton (D:3)
  2 gnolls (D:5)
  A howler monkey skeleton (D:3)
  4 adders
  A white imp (D:4)
  An ufetubus (D:5)
  A worm (D:3)
  3 dart slugs
  6 orcs
  2 ball pythons
  9 endoplasms
  2 giant cockroaches
  3 goblins (D:4)
  9 hobgoblins
  4 jackals (D:2)
  3 kobolds
  4 quokkas
  6 bats
  A frilled lizard (D:2)
  5 rats
84 creatures vanquished.

Notes
Turn   | Place    | Note
-------+----------+-------------------------------------------
     0 | D:1      | mhtbhm the Troll Transmuter began the quest for the Orb.
     0 | D:1      | Reached XP level 1. HP: 18/18 MP: 1/1
   412 | D:1      | Reached XP level 2. HP: 11/26 MP: 2/2
   809 | D:2      | Reached XP level 3. HP: 32/32 MP: 2/4
   828 | D:2      | Learned a level 2 spell: Wereblood
  1352 | D:3      | Found a faded altar of an unknown god.
  1400 | D:3      | Reached skill level 4 in Unarmed Combat
  1400 | D:3      | Reached XP level 4. HP: 40/40 MP: 5/5
  1431 | D:3      | Reached skill level 1 in Fighting
  1815 | D:3      | Found an iron altar of Okawaru.
  1873 | D:3      | Became a worshipper of Warmaster Okawaru
  1945 | D:3      | Reached XP level 5. HP: 48/48 MP: 4/6
  1998 | D:3      | Learned a level 3 spell: Spider Form
  2346 | D:3      | Identified a scroll of acquirement
  2351 | D:3      | Acquired the ring of No Interval {Will+ Str+7 Int-3 Dex+2}
  2417 | D:4      | Found a glowing golden altar of the Shining One.
  2792 | D:4      | Reached skill level 1 in Invocations
  2792 | D:4      | Reached XP level 6. HP: 44/55 MP: 3/7
  2905 | D:4      | Found a staircase to the Ecumenical Temple.
  3541 | D:5      | Entered Level 5 of the Dungeon
  3545 | D:5      | Noticed Menkaure
  3552 | D:5      | Killed Menkaure
  3553 | D:5      | Reached skill level 5 in Unarmed Combat
  3559 | D:5      | Reached * piety under Okawaru
  3560 | D:5      | Reached XP level 7. HP: 40/62 MP: 6/9
  3925 | D:5      | Found Ufuheyrph's Assorted Antiques.
  3936 | D:5      | Bought a scroll of teleportation for 78 gold pieces
  3936 | D:5      | Bought a shiny fluorescent wand for 104 gold pieces
  3983 | D:5      | Reached ** piety under Okawaru
  3984 | D:5      | Reached XP level 8. HP: 44/71 MP: 9/11
  4110 | D:5      | Slain by a gnoll sergeant

Illustrated notes

Levels and vault maps discovered:
D:1:      lemuel_arrival_funnel, layout_loops_ring
D:2:      layout_loops_ring
D:3:      layout_basic, okawaru_gym_becter, serial_undead, serial_undead_f,
          serial_undead_b, serial_undead_b, serial_undead_c,
          nicolae_ecumenical_pavilion
D:4:      layout_gridville, tso_metal_star, minmay_temple_entry_hall
D:5:      layout_layer_cave, mainiacjoe_overflow_24_doors, serial_shops, shop,
          guppyfry_shop_venom, uniq_menkaure

Skill      XL: |  1  2  3  4  5  6  7 |
---------------+----------------------+-----
Dodging        | 2 3 |  3.1
Unarmed Combat | 4 5 |  5.7
Fighting       | 1 |  1.8
Transmutations | 2 3 |  3.1
Invocations    | 1 2 |  2.9
Spellcasting   | 2 |  2.9
Stealth        | |  0.7

Action                   |  1- 3 |  4- 6 |  7- 9 || total
-------------------------+-------+-------+-------++-------
Melee: Unarmed           |    78 |   128 |    44 ||   250
       Headbutt          |     3 |    10 |     2 ||    15
       Punch             |     1 |       |     1 ||     2
       Kick              |       |    14 |     6 ||    20
 Cast: Beastly Appendage |    12 |    18 |     4 ||    34
       Wereblood         |       |    12 |     5 ||    17
Invok: Heroism           |       |       |     1 ||     1
  Use: Potion            |     1 |     1 |     2 ||     4
       Scroll            |       |     8 |     3 ||    11
Armor: Robe              |    37 |    56 |     7 ||   100
       Skin              |    22 |    12 |       ||    34
Dodge: Dodged            |    46 |    69 |    38 ||   153

Table legend: (Time is in decaauts)
 A = Elapsed time spent in this place.
 B = Non-inter-level travel time spent in this place.
 C = Inter-level travel time spent in this place.
 D = Time resting spent in this place.
 E = Time spent auto-exploring this place.
 F = Levels seen in this place.
 G = Mean time per level.
                   A        B        C        D        E       F      G
               +--------+--------+--------+--------+--------+-----+--------+
         Total |   4088 |   4010 |     78 |    574 |   2619 |   5 |  817.6 |
       Dungeon |   4088 |   4010 |     78 |    574 |   2619 |   5 |  817.6 |
               +--------+--------+--------+--------+--------+-----+--------+

Top non-repeatable levels by time:
     D:4: 1182 daAuts
     D:3: 995 daAuts
     D:2: 912 daAuts
     D:5: 563 daAuts
     D:1: 435 daAuts
